 Dungeon Crawl Stone Soup version 0.17-a0-464-g85d6e2c (webtiles) character file.

20 Fluffy the Shield-Bearer (level 2, -1/19 HPs)
             Began as a Gargoyle Fighter on Apr 5, 2015.
             Killed by nerve-wracking pain
             ... invoked by Jessica
              (12 damage)
             ... on level 2 of the Dungeon.
             The game lasted 00:01:50 (813 turns).

Fluffy the Shield-Bearer (Gargoyle Fighter)          Turns: 813, Time: 00:01:50

Health: -1/19      AC: 14    Str: 19    XL:     2   Next: 79%
Magic:  2/2        EV:  5    Int:  8    God:
Gold:   170        SH:  9    Dex:  9    Spells: 0 memorised, 1 level left

rFire  . . .     SeeInvis .     a - +0 flail
rCold  . . .     Clarity  .     r - +0 chain mail
rNeg   + . .     SustAb   .     c - +0 shield
rPois  ∞         Gourm    .     (no helmet)
rElec  +         Spirit   .     b - +0 cloak
rCorr  +         Warding  .     p - +0 pair of gloves
rMut   .         Stasis   .     (no boots)
MR     .....                    h - amulet of resist corrosion (curse)
Stlth  ..........               (no ring)
                                (no ring)

@: slowed, very slow, not resistant to hostile enchantments, extremely
unstealthy
A: negative energy resistance 1, electricity resistance, unbreathing,
petrification resistance, rot immunity, AC +2
a: no special abilities


You were on level 2 of the Dungeon.
You were not hungry.

You visited 1 branch of the dungeon, and saw 2 of its levels.

You collected 170 gold pieces.

Inventory:

Hand weapons
 a - a +0 flail (weapon)
Armour
 b - a +0 cloak (worn)
 c - a +0 shield (worn)
 p - a +0 pair of gloves (worn)
 r - a +0 chain mail (worn)
Jewellery
 h - a cursed amulet of resist corrosion (around neck)
Scrolls
 f - 4 scrolls of remove curse {unknown}
 g - a scroll of recharging {unknown}
 i - 2 scrolls of immolation {unknown}
 j - a scroll of enchant armour {unknown}
 k - 2 scrolls of blinking {unknown}
 l - a scroll of magic mapping {unknown}
 n - a scroll of enchant weapon {unknown}
 o - a scroll of identify {unknown}
Potions
 e - a potion of might
 q - a potion of mutation {unknown}
Comestibles
 d - a bread ration
 m - a slice of pizza


   Skills:
 + Level 3.5 Fighting
 + Level 2.2 Maces & Flails
 + Level 3.5 Armour
 + Level 3.7 Shields


You had one spell level left.
You didn't know any spells.

Dungeon Overview and Level Annotations

Branches:
Dungeon (2/15)

Altars:
Nemelex Xobeh

Annotations:
D:2 Jessica


Innate Abilities, Weirdness & Mutations

You are resistant to torment.
Your stone body is resilient (AC +2).
You are immune to poison.
You resist negative energy.
You are resistant to electric shocks.
You can survive without breathing.
You are immune to petrification.
You are immune to rotting.


Message History

Jessica blinks!
Jessica zaps a wand.
The magic dart hits you!
It is a wand of magic darts.
Your shield prevents you from hitting Jessica.
Jessica drinks a potion.
Jessica suddenly seems more resistant.
You hit Jessica but do no damage.
Jessica gestures wildly while chanting.
Jessica seems to speed up.
Jessica zaps a wand.
The magic dart hits you!
You closely miss Jessica.
Jessica zaps a wand.
The magic dart hits you! Jessica completely misses you.
You sock Jessica!
Jessica is almost dead.
Jessica zaps a wand.
The magic dart hits you!
Jessica mumbles some strange words.
Jessica blinks!
Jessica points at you and mumbles some strange words.
You feel yourself slow down.
Jessica points at you and mumbles some strange words.
Pain shoots through your body!
Ouch! That really hurt!
You die...

### . #########.#########
#.#
......................<
#########...#########.####
........@................
########@#.#########.####
.......................
#####.#.######........
#.................
............##.....
.......#####..##.###.
###...# #..##.###. ##..#
#..##.#...


You could see Jessica.

Vanquished Creatures
  An ooze (D:2)
  4 hobgoblins
  4 kobolds
  5 bats
  A giant newt (D:1)
  A goblin (D:2)
  3 jackals (D:1)
  2 rats (D:1)
21 creatures vanquished.

Notes
Turn   | Place    | Note
--------------------------------------------------------------
     0 | D:1      | Fluffy, the Gargoyle Fighter, began the quest for the Orb.
     0 | D:1      | Reached XP level 1. HP: 14/14 MP: 1/1
   168 | D:1      | Reached XP level 2. HP: 19/19 MP: 2/2
   186 | D:1      | Found a sparkling altar of Nemelex Xobeh.
   804 | D:2      | Noticed Jessica
   813 | D:2      | Killed from afar by Jessica

Action                   || total
-------------------------++-------
Melee: Flail             ||    86
